 Dungeon Crawl Stone Soup version 0.21-a0-39-g28ea6b7 (webtiles) character file.

1981 HAL9000 the Slicer (level 9, -2/42 HPs)
             Began as a Vine Stalker Assassin on June 1, 2017.
             Was an Elder of Uskayaw.
             Slain by a wight
             ... wielding a +3 mace
              (6 damage)
             ... on level 6 of the Dungeon.
             The game lasted 00:19:12 (6783 turns).

HAL9000 the Slicer (Vine Stalker Assassin)          Turns: 6783, Time: 00:19:13

Health: -2/42      AC:  6    Str: 14    XL:     9   Next: 20%
Magic:  0/10       EV: 11    Int: 12    God:    Uskayaw [****..]
Gold:   279        SH:  0    Dex: 18    Spells: 5/8 levels left

rFire    . . .     SeeInvis .   P - +0 rapier
rCold    . . .     Gourm    .   (no shield)
rNeg     . . .     Faith    .   L - +1 robe {Archmagi}
rPois    +         Spirit   +   k - +0 helmet
rElec    .         Reflect  .   d - +0 cloak
rCorr    .         Harm     .   i - +0 pair of gloves
MR       +....                  (no boots)
Stlth    +++.......             u - amulet of rage
Regen    0.6/turn               m - ring of poison resistance
MPRegen  0.2/turn               (no ring)

@: heavily drained
A: fangs 3, regeneration 1, magic shield, antimagic bite, no potion heal 3, rot
immunity
a: Stomp, Line Pass, Renounce Religion, Evoke Berserk Rage


You were on level 6 of the Dungeon.
You worshipped Uskayaw.
Uskayaw was noncommittal.
You were not hungry.

You visited 2 branches of the dungeon, and saw 8 of its levels.

You collected 279 gold pieces.

Inventory:

Hand Weapons
 b - a +0 blowgun
 o - a +0 dagger of flaming
 x - a +3 short sword
 P - a +0 rapier (weapon)
Missiles
 e - 45 poisoned needles
 f - 2 curare-tipped needles
Armour
 d - a +0 cloak (worn)
 i - a +0 pair of gloves (worn)
 k - a +0 helmet (worn)
 L - a +1 robe of the Archmagi (worn)
Jewellery
 m - a ring of poison resistance (left hand)
 u - an amulet of rage (around neck)
Scrolls
 l - 2 scrolls of identify
 p - a scroll of blinking {unknown}
 y - a scroll of fog {unknown}
 A - 2 scrolls of amnesia {unknown}
 C - 7 scrolls of remove curse {unknown}
 G - a scroll of magic mapping {unknown}
 N - a scroll of teleportation {unknown}
Potions
 s - 2 potions of brilliance
 t - a potion of might
 v - a potion of flight
 w - 3 potions of curing
 z - 2 potions of heal wounds
 B - a potion of cancellation
 I - a potion of lignification
 K - a potion of invisibility
Books
 D - a book of Necromancy

   Spells                             Type                      Level
   a - Pain                           Necromancy                   1
   b - Animate Skeleton               Necromancy                   1
   c - Vampiric Draining              Necromancy                   3
   d - Regeneration                   Charms/Necromancy            3
   e - Animate Dead                   Necromancy                   4
   f - Control Undead                 Necromancy                   4
Comestibles
 g - 5 bread rations
 F - 2 royal jellies


   Skills:
 - Level 1.7(0.3) Fighting
 + Level 10.8(9.0) Short Blades
 - Level 1.7(0.3) Throwing
 - Level 0.7(0.0) Dodging
 - Level 4.8(3.2) Stealth


You had 5 spell levels left.
You knew the following spells:

 Your Spells              Type           Power        Failure   Level  Hunger
R - Regeneration          Chrm/Necr      #.........   69%         3    ####...


Dungeon Overview and Level Annotations

Branches:
Dungeon (7/15)             Temple (1/1) D:6

Altars:
Ashenzari
Cheibriados
Elyvilon
Fedhas
Gozag
Hepliaklqana
Kikubaaqudgha
Makhleb
Nemelex Xobeh
Okawaru
Qazlal
Ru
Sif Muna
Trog
Uskayaw
Vehumet
Wu Jian
Xom
Yredelemnul
Zin
The Shining One

Shops:
D:6 !


Innate Abilities, Weirdness & Mutations

You have razor-sharp teeth.
Your natural rate of healing is unusually fast.
When hurt, damage is shared between your health and your magic reserves.
Your bite disrupts and absorbs the magic of your enemies.
Potions cannot restore your health.
You are immune to rotting.


Message History

* * * LOW HITPOINT WARNING * * *
You don't have enough magic at the moment.
You hit the wight but do no damage.
The wight is moderately damaged.
The wight hits you with an enchanted mace.
Unknown command.
You don't have enough magic at the moment.
You hit the wight.
The wight is heavily damaged.
You closely miss the wight.
The wight is heavily damaged.
The wight hits you with an enchanted mace!
* * * LOW HITPOINT WARNING * * *
Unknown command.
Okay, then.
You hit the wight. You bite the wight. You drain its power.
You feel invigorated.
The wight is almost destroyed.
The wight hits you with an enchanted mace!
You die...

......# #.##.##.##########.##
..###.# ###.##.##.# ######... ..#
#.# #......##.# #........
..###.## ##......##.# #.#######
.......# #.......##.#####.#
....#..# #......###.....#.# #####
......>###.......######.#.###....
####..........##z# #.#.....###
#.#####.#####@## #.#.###.# #.#
#.# ###..#####.#.###.## #.# #.#
#.[.....##.#.##...## ####.#####.#
#.8[8.8.##.#........
...........###..⌠.⌠..##.#.##...##
####.########..8.>.8.##...###.##
# #.# #####...⌠.⌠..##.### #.# #
#.####......8.8.8.....# #.###
####.................##..# #....


You could see a wight.

Vanquished Creatures
  Sigmund (D:6)
  Eustachio (D:6)
  Duvessa (D:5)
  3 phantoms
  A sky beast (D:4)
  An ogre (D:4)
  A centaur (D:4)
  Dowan (D:5)
  2 scorpions
  4 wights
  A crimson imp (D:6)
  A centaur skeleton (D:4)
  A hound (D:5)
  4 orc wizards
  2 orc priests (D:4)
  3 bullfrog skeletons
  An iron imp (D:4)
  Jessica (D:2)
  An iguana (D:6)
  A worker ant (D:5)
  A hound skeleton (D:6)
  11 adders
  4 oozes
  3 adder skeletons
  2 worms
  4 dart slugs
  A leopard gecko (D:7)
  19 orcs
  7 giant cockroaches
  11 goblins
  10 hobgoblins
  7 jackals
  10 kobolds
  4 quokkas
  10 bats
  6 frilled lizards
  12 rats
154 creatures vanquished.

Notes
Turn   | Place    | Note
-------+----------+-------------------------------------------
     0 | D:1      | HAL9000 the Vine Stalker Assassin began the quest for the Orb.
     0 | D:1      | Reached XP level 1. HP: 11/11 MP: 2/2
    59 | D:1      | Reached skill level 2 in Short Blades
   144 | D:1      | Reached XP level 2. HP: 4/15 MP: 3/3
   550 | D:1      | Reached skill level 3 in Short Blades
   596 | D:1      | Reached XP level 3. HP: 16/18 MP: 4/4
  1414 | D:2      | Gained mutation: Your natural rate of healing is unusually fast. [Vine Stalker growth]
  1414 | D:2      | Reached XP level 4. HP: 2/23 MP: 1/5
  1501 | D:2      | Noticed Jessica
  1512 | D:2      | Killed Jessica
  1512 | D:2      | Reached skill level 4 in Short Blades
  1813 | D:2      | Reached XP level 5. HP: 25/26 MP: 6/6
  2851 | D:3      | Reached skill level 5 in Short Blades
  3114 | D:4      | Noticed a centaur
  3421 | D:4      | Found an ornate altar of the Wu Jian Council.
  3498 | D:4      | Reached XP level 6. HP: 19/30 MP: 5/7
  3525 | D:4      | Reached skill level 6 in Short Blades
  3787 | D:4      | Reached XP level 7. HP: 15/34 MP: 6/8
  3829 | D:4      | Learned a level 3 spell: Regeneration
  4141 | D:4      | Reached skill level 7 in Short Blades
  4529 | D:4      | Found a snail-covered altar of Cheibriados.
  4675 | D:5      | Entered Level 5 of the Dungeon
  4830 | D:5      | Reached skill level 8 in Short Blades
  4857 | D:5      | Got a pitted falchion
  4911 | D:5      | Gained mutation: You have razor-sharp teeth. [Vine Stalker growth]
  4911 | D:5      | Reached XP level 8. HP: 24/38 MP: 9/9
  5171 | D:5      | Found a bloodstained altar of Trog.
  5381 | D:5      | Noticed Dowan
  5381 | D:5      | Noticed Duvessa
  5510 | D:5      | Killed Duvessa
  5510 | D:5      | Reached skill level 9 in Short Blades
  5677 | D:5      | Killed Dowan
  5807 | D:6      | Found Miplupri's Distillery.
  5965 | D:6      | Found a staircase to the Ecumenical Temple.
  5977 | D:6      | Noticed Sigmund
  5980 | Temple   | Entered the Ecumenical Temple
  6042 | Temple   | Became a worshipper of Uskayaw the Reveler
  6071 | D:6      | Reached * piety under Uskayaw
  6074 | D:6      | Reached ** piety under Uskayaw
  6077 | D:6      | Reached *** piety under Uskayaw
  6078 | D:6      | Killed Sigmund
  6078 | D:6      | Reached skill level 10 in Short Blades
  6089 | D:6      | Noticed Eustachio
  6214 | D:6      | Killed Eustachio
  6214 | D:6      | Reached XP level 9. HP: 40/42 MP: 5/10
  6590 | D:7      | Reached **** piety under Uskayaw
  6783 | D:6      | Slain by a wight

Vault maps used:
D:1:      scummos_arrival_hexagon, hangedman_feature_mirror
D:2:      uniq_jessica
D:3:      first_bread
D:4:      nicolae_overflow_crystal_walls, chei_slow_surprise
D:5:      cheibrodos_helix_gallery, basic_altar, uniq_duvessa
D:6:      minmay_temple_entry_statues_fountains, serial_shops, shop,
          uniq_sigmund, uniq_eustachio
D:7:      lemuel_bear_cage
Temple:   regret_index_temple_sigil_plot

Skill      XL: |  1  2  3  4  5  6  7  8 |
---------------+-------------------------+-----
Short Blades   | 2 3 4 5 6 8 10 | 10.8
Fighting       | |  1.7
Throwing       | |  1.7
Dodging        | |  0.7
Stealth        | |  4.8

Action                   |  1- 3 |  4- 6 |  7- 9 || total
-------------------------+-------+-------+-------++-------
Melee: Dagger            |   133 |    31 |       ||   164
       Bite              |    36 |    49 |    99 ||   184
       Short sword       |       |   154 |   239 ||   393
       Rapier            |       |       |    80 ||    80
Invok: Line Pass         |       |       |     1 ||     1
  Use: Potion            |     1 |       |       ||     1
       Scroll            |       |       |     7 ||     7
 Stab: Sleeping          |     1 |    10 |     3 ||    14
       Paralysed         |       |       |     3 ||     3
  Eat: Chunk             |     1 |     8 |    10 ||    19
Armor: Robe              |    36 |    42 |    58 ||   136
Dodge: Dodged            |    86 |    91 |   145 ||   322
